 Dungeon Crawl Stone Soup version 0.20.1-1-g8b1a95d (webtiles) character file.

62 McKennaii the Ruffian (level 3, 0/28 HPs)
             Began as a Draconian Transmuter on July 23, 2017.
             Slain by a gnoll
             ... wielding a +0 flail
              (11 damage)
             ... on level 1 of the Dungeon.
             The game lasted 00:02:08 (1331 turns).

McKennaii the Ruffian (Draconian Transmuter)        Turns: 1331, Time: 00:02:08

Health: 0/28       AC:  7    Str: 12    XL:     3   Next: 85%
Magic:  6/6        EV: 12    Int: 14    God:
Gold:   41         SH:  0    Dex: 11    Spells: 3/6 levels left

rFire    . . .     SeeInvis .     - Unarmed
rCold    . . .     Gourm    .   (no shield)
rNeg     . . .     Faith    .   (armour unavailable)
rPois    .         Spirit   .   (helmet restricted)
rElec    .         Reflect  .   (no cloak)
rCorr    .         Harm     .   (no gloves)
MR       +....                  (no boots)
Stlth    +.........             (no amulet)
Regen    0.1/turn               i - ring of protection from magic
MPRegen  0.1/turn               m - +2 ring of protection

@: no status effects
A: unfitting armour, cold-blooded, AC +5
a: no special abilities


You were on level 1 of the Dungeon.
You were hungry.

You visited 1 branch of the dungeon, and saw 2 of its levels.

You collected 41 gold pieces.

Inventory:

Missiles
 a - 30 arrows
Jewellery
 i - a ring of protection from magic (left hand)
 l - an uncursed ring of stealth
 m - a +2 ring of protection (right hand)
Scrolls
 g - 3 scrolls of identify {unknown}
 j - a scroll of recharging {unknown}
Potions
 d - 3 potions of flight {unknown}
 e - a potion of heal wounds {unknown}
 f - a potion of might {unknown}
 h - a potion of berserk rage {unknown}
 k - a potion of degeneration {unknown}
Books
 b - a book of Changes

   Spells                             Type                      Level
   a - Beastly Appendage              Transmutation                1
   b - Sticks to Snakes               Transmutation                2
   c - Spider Form                    Transmutation/Poison         3
   d - Ice Form                       Ice/Transmutation            4
   e - Blade Hands                    Transmutation                5
Comestibles
 c - a bread ration
 n - a fruit
 o - a chunk of flesh


   Skills:
 + Level 1.2 Fighting
 + Level 2.3 Dodging
 + Level 0.2 Stealth
 + Level 3.9 Unarmed Combat
 + Level 2.1 Spellcasting
 * Level 2.6 Transmutations


You had 3 spell levels left.
You knew the following spells:

 Your Spells              Type           Power        Failure   Level  Hunger
a - Beastly Appendage     Tmut           #.....       9%          1    ##.....
b - Sticks to Snakes      Tmut           #.......     12%         2    ###....


Dungeon Overview and Level Annotations

Branches:
Dungeon (2/15)

Altars:


Innate Abilities, Weirdness & Mutations

Your plain brown scales are hard. (AC +5)
You cannot fit into any form of body armour.
You are cold-blooded and may be slowed by cold attacks.


Message History

You see here a jackal skeleton.
There is a stone staircase leading up here.
You completely miss the rat.
Your tail-slap misses the rat.
The rat misses you.
You hit the rat.
You kill the rat!
You hit the gnoll.
The gnoll is moderately wounded.
The gnoll hits you with a flail.
You closely miss the gnoll. You tail-slap the gnoll.
The gnoll is moderately wounded.
A jackal comes into view.
You climb upwards.
There is a stone staircase leading down here.
You hit the gnoll but do no damage. You tail-slap the gnoll.
The gnoll is heavily wounded.
The gnoll closely misses you.
You barely miss the gnoll.
The gnoll is heavily wounded.
The gnoll hits you with a flail!
You die...

#......#..#.##.# #........
#......##)#.##.### #..##....
#......##........###.....##.
#########).........#.###.##.
#...##.#.###.#.#....
#........# #.#.#.###
#...#....###.#.#.##
########g##.#..........#
#.....##@...#.#......#.#
#.....##.#..........รท..#
#.....##.##...###.##...#
#..........^### #.##.#.#
#.....####### #......#
#...).# ######## #.....#
#.....# #######


You could see a gnoll.

Vanquished Creatures
  Terence (D:2)
  A leopard gecko (D:1)
  6 bats
  A giant cockroach (D:2)
  5 hobgoblins
  2 jackals (D:2)
  2 frilled lizards (D:1)
  4 goblins (D:1)
  6 kobolds
  7 rats
35 creatures vanquished.

Notes
Turn   | Place    | Note
-------+----------+-------------------------------------------
     0 | D:1      | McKennaii the Draconian Transmuter began the quest for the Orb.
     0 | D:1      | Reached XP level 1. HP: 16/16 MP: 3/3
   251 | D:1      | Reached XP level 2. HP: 23/23 MP: 5/5
   986 | D:2      | Reached XP level 3. HP: 25/28 MP: 6/6
   990 | D:2      | Learned a level 2 spell: Sticks to Snakes
  1071 | D:2      | Noticed Terence
  1116 | D:2      | Killed Terence
  1331 | D:1      | Slain by a gnoll

Skill      XL: |  1  2 |
---------------+-------+-----
Dodging        | 2 |  2.3
Fighting       | |  1.2
Stealth        | |  0.2
Unarmed Combat | |  3.9
Spellcasting   | |  2.1
Transmutations | |  2.6

Action                   || total
-------------------------++-------
Melee: Unarmed           ||   177
       Tailslap          ||    22
       Punch             ||     2
 Cast: Sticks to Snakes  ||     1
 Stab: Sleeping          ||     1
  Eat: Chunk             ||     1
Armor: Skin              ||    44
Dodge: Dodged            ||   113
